 Dungeon Crawl Stone Soup version 0.29.1-15-g9cfb28693d (webtiles) character file.

Game seed: 16427376573487827928

1311 dudediamond6 the Vexing (level 8, 0/61 HPs)
             Began as a Gnoll Arcane Marksman on Feb 25, 2023.
             Was an Initiate of Cheibriados.
             Slain by a killer bee (4 damage)
             ... on level 9 of the Dungeon.
             The game lasted 00:12:11 (6297 turns).

dudediamond6 the Vexing (Gnoll Arcane Marksman)     Turns: 6297, Time: 00:12:12

Health: 0/61       AC: 10    Str: 11    XL:     8   Next: 58%
Magic:  9/14       EV: 14    Int: 13    God:    Cheibriados [......]
Gold:   319        SH:  0    Dex: 16    Spells: 10/16 levels left

rFire   + . .      SeeInvis .   a - +1 sling
rCold   + . .      Faith    .   (no shield)
rNeg    + + .      Spirit   .   C - +7 leather armour of Fun and Games {rElec rN+}
rPois   .          Reflect  .   (no helmet)
rElec   +          Harm     .   i - scarf {rC+ rF+}
rCorr   .          Rampage  .   (no gloves)
Will    .....                   (no boots)
Stlth   ++........              (no amulet)
HPRegen 0.20/turn               m - ring of positive energy
MPRegen 0.14/turn               (no ring)

@: lethally poisoned (0 -> -19), on blink cooldown, very slightly contaminated,
very slow
A: fangs 1, strong nose, distributed training
a: Renounce Religion


You were on level 9 of the Dungeon.
You worshipped Cheibriados.
Cheibriados was noncommittal.
You visited 1 branch of the dungeon, and saw 7 of its levels.

You collected 319 gold pieces.

Inventory:

Hand Weapons
 a - a +1 sling (weapon)
 u - a +0 triple crossbow
 A - a +0 trident of flaming
 B - a +0 battleaxe
Armour
 c - a +0 robe
 i - a scarf of resistance (worn)
 o - a +0 leather armour
 r - the +1 robe of Lifelessness {Stlth+}
   (You found it on level 2 of the Dungeon)

   Stlth:     It makes you more stealthy.
 y - a +0 kite shield
 C - the +7 leather armour of Fun and Games (worn) {rElec rN+}
   (You found it on level 4 of the Dungeon)

   rElec:     It insulates you from electricity.
   rN:        It protects you from negative energy.
Jewellery
 m - a ring of positive energy (left hand)
 E - a +4 ring of evasion
 H - a ring of fire
Wands
 w - a wand of charming (5)
 z - a wand of iceblast (7)
Scrolls
 b - a scroll of poison
 e - 8 scrolls of identify {unknown}
 f - 3 scrolls of teleportation {unknown}
 g - 2 scrolls of enchant armour {unknown}
 j - 2 scrolls of magic mapping {unknown}
 k - a scroll of butterflies {unknown}
 p - 2 scrolls of fear {unknown}
 v - 2 scrolls of blinking {unknown}
 F - a scroll of torment {unknown}
 G - a scroll of vulnerability {unknown}
Potions
 d - 6 potions of curing {unknown}
 h - a potion of ambrosia {unknown}
 l - a potion of flight {unknown}
 n - a potion of might {unknown}
 q - 2 potions of haste
 s - 3 potions of mutation {unknown}
 t - a potion of heal wounds {unknown}
 x - a potion of lignification {unknown}
 D - a potion of attraction {unknown}


   Skills:
 + Level 4.4 Fighting
 + Level 3.5 Short Blades
 + Level 3.5 Long Blades
 + Level 3.5 Axes
 + Level 3.5 Maces & Flails
 + Level 3.5 Polearms
 + Level 3.5 Staves
 + Level 5.8 Ranged Weapons
 + Level 3.5 Throwing
 + Level 3.5 Armour
 + Level 5.8 Dodging
 + Level 3.5 Stealth
 + Level 3.5 Shields
 + Level 3.5 Unarmed Combat
 + Level 4.5 Spellcasting
 + Level 2.9 Conjurations
 + Level 6.2 Hexes
 + Level 2.9 Summonings
 + Level 2.9 Necromancy
 + Level 2.9 Translocations
 + Level 2.9 Transmutations
 + Level 2.9 Fire Magic
 + Level 2.9 Ice Magic
 + Level 2.9 Air Magic
 + Level 2.9 Earth Magic
 + Level 2.9 Poison Magic
 + Level 3.9 Invocations
 + Level 3.5 Evocations


You had 10 spell levels left.
You knew the following spells:

 Your Spells              Type           Power      Damage    Failure   Level
a - Slow                  Hex            76%        N/A       1%          1
b - Portal Projectile     Hex/Tloc       28%        N/A       12%         3
c - Blink                 Tloc           20%        N/A       12%         2

Your spell library contained the following spells:

 Spells                   Type           Power      Damage    Failure   Level
 Beastly Appendage        Tmut           20%        N/A       8%          1
 Scorch                   Fire           20%        2d6       12%         2
 Sublimation of Blood     Necr           10%        N/A       12%         2
 Wereblood                Tmut           10%        N/A       12%         2
 Dazzling Flash           Conj/Hex       28%        N/A       12%         3
 Inner Flame              Hex/Fire       14%        N/A       12%         3
 Cause Fear               Hex            9%         N/A       19%         4
 Lesser Beckoning         Tloc           10%        N/A       22%         3
 Spider Form              Tmut/Pois      10%        N/A       22%         3
 Flame Wave               Conj/Fire      10%        2d6       58%         4
 Iskenderun's Mystic Bla  Conj/Tloc      10%        2d4       58%         4
 Manifold Assault         Tloc           10%        N/A       91%         5
 Starburst                Conj/Fire      5%         6d4       100%        6
 Summon Cactus Giant      Summ           5%         N/A       100%        6
 Dragon Form              Tmut           5%         N/A       100%        7
 Summon Hydra             Summ           5%         N/A       100%        7
 Dragon's Call            Summ           5%         N/A       100%        9


Dungeon Overview and Level Annotations

Branches:
Dungeon (6/15)
 Temple: D:4-7

Altars:
Cheibriados
Fedhas
Kikubaaqudgha
Xom
Zin
The Shining One

Shops:
D:6 [


Innate Abilities, Weirdness & Mutations

You have very sharp teeth.
Your uncanny sense of smell can sniff out nearby items.
Your experience applies equally to all skills.


Message History

The killer bee barely misses you. The killer bee closely misses you.
The killer bee attacks as you move away!
The killer bee stings you.
The killer bee stings you but does no damage.
The killer bee closely misses you.
Okay, then.
You are too injured to fight recklessly!
Casting: Slow (safe; 1% risk of failure)
Confirm with . or Enter, or press ? or * to list all spells.
Aiming: Slow (safe; 1% risk of failure)
Press: ? - help, Shift-Dir - straight line, f/p - killer bee
Aim: a killer bee (severely wounded, slow, chance to affect: 67%)
The killer bee seems to slow down.
The killer bee stings you.
You are poisoned.
The killer bee poisons you! The killer bee stings you.
* * * LOW HITPOINT WARNING * * *
You are lethally poisoned!
The killer bee poisons you! The killer bee completely misses you.
The killer bee stings you but does no damage.
Casting: Slow (safe; 1% risk of failure)
Confirm with . or Enter, or press ? or * to list all spells.
You miscast Blink.
You are very lightly contaminated with residual magic.
Nothing appears to happen.
* * * LOW HITPOINT WARNING * * *
You feel very sick.
The killer bee closely misses you. x2; The killer bee barely misses you.
The killer bee closely misses you. The killer bee misses you.
Casting: Blink (safe; 12% risk of failure)
Confirm with . or Enter, or press ? or * to list all spells.
You blink.
* * * LOW HITPOINT WARNING * * *
You feel very sick. The killer bee misses you. The killer bee stings you.
* * * LOW HITPOINT WARNING * * *
The killer bee barely misses you. The killer bee stings you.
* * * LOW HITPOINT WARNING * * *
You are more poisoned.
The killer bee poisons you! The killer bee stings you.
You die...

#..## #..##
#...# #...#
##.).##
#....8#####
##...y.#...#
#....yy§._.#
##...@y#...#
##...8#####
##...##
#...## ##..#
#..## #...#
##..## #...#


You could see 4 killer bees.

Vanquished Creatures
  Menkaure (D:6)
  A water moccasin (D:5)
  4 ogres
  A bullfrog (D:4)
  Blork the orc (D:4)
  2 necrophages
  3 scorpions
  A killer bee (D:9)
  2 hounds
  3 iguanas
  4 adders
  2 gnolls (D:5)
  4 river rats (D:5)
  A white imp (D:5)
  A worm (D:3)
  2 dart slugs
  5 orcs
  8 ball pythons
  5 bats
  2 endoplasms
  10 goblins
  4 hobgoblins
  8 kobolds
  5 quokkas
  10 frilled lizards
  3 rats
93 creatures vanquished.

Vanquished Creatures (others)
  4 plants
4 creatures vanquished.

Grand Total: 97 creatures vanquished

Notes
Turn   | Place    | Note
-------+----------+-------------------------------------------
     0 | D:1      | dudediamond6 the Gnoll Arcane Marksman began the quest for
                  | the Orb.
     0 | D:1      | Reached XP level 1. HP: 17/17 MP: 4/4
   305 | D:1      | Reached XP level 2. HP: 23/23 MP: 5/5
   982 | D:1      | Reached XP level 3. HP: 26/28 MP: 5/7
  1396 | D:2      | Learned a level 3 spell: Portal Projectile
  1431 | D:2      | Reached skill level 1 in Invocations
  1600 | D:2      | Reached skill level 1 in Short Blades
  1600 | D:2      | Reached skill level 1 in Long Blades
  1600 | D:2      | Reached skill level 1 in Axes
  1600 | D:2      | Reached skill level 1 in Maces & Flails
  1600 | D:2      | Reached skill level 1 in Polearms
  1600 | D:2      | Reached skill level 1 in Staves
  1600 | D:2      | Reached skill level 1 in Throwing
  1600 | D:2      | Reached skill level 1 in Armour
  1600 | D:2      | Reached skill level 1 in Stealth
  1600 | D:2      | Reached skill level 1 in Shields
  1600 | D:2      | Reached skill level 1 in Unarmed Combat
  1600 | D:2      | Reached skill level 1 in Evocations
  1630 | D:2      | Found a blossoming altar of Fedhas.
  1931 | D:2      | Reached XP level 4. HP: 34/34 MP: 8/8
  2076 | D:2      | Identified the +1 robe of Lifelessness {Stlth+}
  2420 | D:3      | Noticed an ogre
  2777 | D:3      | Found a faded altar of an unknown god.
  2980 | D:3      | Killed an ogre
  2981 | D:3      | Reached skill level 1 in Conjurations
  2981 | D:3      | Reached skill level 1 in Summonings
  2981 | D:3      | Reached skill level 1 in Necromancy
  2981 | D:3      | Reached skill level 1 in Translocations
  2981 | D:3      | Reached skill level 1 in Transmutations
  2981 | D:3      | Reached skill level 1 in Fire Magic
  2981 | D:3      | Reached skill level 1 in Ice Magic
  2981 | D:3      | Reached skill level 1 in Air Magic
  2981 | D:3      | Reached skill level 1 in Earth Magic
  2981 | D:3      | Reached skill level 1 in Poison Magic
  2981 | D:3      | Reached XP level 5. HP: 41/41 MP: 7/9
  3127 | D:3      | Reached XP level 6. HP: 39/47 MP: 9/11
  3316 | D:4      | Reached skill level 5 in Ranged Weapons
  3316 | D:4      | Reached skill level 5 in Dodging
  3619 | D:4      | Identified the +7 leather armour of Fun and Games {rElec
                  | rN+}
  3729 | D:4      | Found a shimmering altar of Xom.
  3729 | D:4      | Found a glowing silver altar of Zin.
  3729 | D:4      | Noticed an angel
  3756 | D:4      | Learned a level 2 spell: Blink
  3814 | D:4      | Noticed Blork the orc
  3818 | D:4      | Killed Blork the orc
  4033 | D:4      | Reached XP level 7. HP: 52/52 MP: 12/12
  4555 | D:5      | Entered Level 5 of the Dungeon
  4555 | D:5      | Found a snail-covered altar of Cheibriados.
  4576 | D:5      | Became a worshipper of Cheibriados the Contemplative
  4793 | D:5      | Reached skill level 6 in Hexes
  5028 | D:5      | Reached XP level 8. HP: 58/60 MP: 14/14
  5647 | D:5      | Found an ancient bone altar of Kikubaaqudgha.
  5908 | D:6      | Found Navabav's Armour Shop.
  6130 | D:6      | Noticed Menkaure
  6137 | D:6      | Killed Menkaure
  6250 | D:6      | You fall into a shaft and drop 3 floors!
  6257 | D:9      | Found a glowing golden altar of the Shining One.
  6297 | D:9      | Slain by a killer bee

Illustrated notes

Levels and vault maps discovered:
D:1:      dpeg_arrival_short_road, layout_loops_corners,
          minmay_misc_feat_diagonals, minmay_lizard_king
D:2:      layout_loops_ring, basic_altar
D:3:      layout_basic, chequers_ecumenical_altar_lobes
D:4:      minmay_chambers_of_fours, layout_loops_cross,
          grunt_temple_overflow_order_and_chaos_1, uniq_blork_the_orc
D:5:      wad_woods_tower, layout_basic, lemuel_doored_altar,
          mainiacjoe_overflow_concentric_impassable
D:6:      layout_basic, cheibrodos_sewer_entry_bend, serial_shops, shop,
          uniq_menkaure
D:9:      layout_roguey [special_room_bee], nicolae_tso_carved_into_rock,
          pdpol_wu_jian_five_deadly_venoms, uniq_harold

Skill      XL: |  1  2  3  4  5  6  7 |
---------------+----------------------+-----
Invocations    | 1 2 3 |  3.9
Short Blades   | 1 2 3 |  3.5
Long Blades    | 1 2 3 |  3.5
Axes           | 1 2 3 |  3.5
Maces & Flails | 1 2 3 |  3.5
Polearms       | 1 2 3 |  3.5
Staves         | 1 2 3 |  3.5
Throwing       | 1 2 3 |  3.5
Armour         | 1 2 3 |  3.5
Stealth        | 1 2 3 |  3.5
Shields        | 1 2 3 |  3.5
Unarmed Combat | 1 2 3 |  3.5
Evocations     | 1 2 3 |  3.5
Spellcasting   | 3 4 |  4.5
Fighting       | 3 4 |  4.4
Conjurations   | 1 2 |  2.9
Summonings     | 1 2 |  2.9
Necromancy     | 1 2 |  2.9
Translocations | 1 2 |  2.9
Transmutations | 1 2 |  2.9
Fire Magic     | 1 2 |  2.9
Ice Magic      | 1 2 |  2.9
Air Magic      | 1 2 |  2.9
Earth Magic    | 1 2 |  2.9
Poison Magic   | 1 2 |  2.9
Ranged Weapons | 5 |  5.8
Dodging        | 5 |  5.8
Hexes          | 6 |  6.2

Action                   |  1- 3 |  4- 6 |  7- 9 || total
-------------------------+-------+-------+-------++-------
Melee: Triple crossbow   |       |       |    20 ||    20
       Bite              |       |       |     2 ||     2
 Fire: Sling             |   114 |    47 |     1 ||   162
       Triple crossbow   |       |    42 |    79 ||   121
 Cast: Slow              |    10 |     7 |    13 ||    30
       Blink             |       |       |     1 ||     1
Armor: Robe              |     6 |     8 |       ||    14
       Leather armour    |     7 |       |    41 ||    48
Dodge: Dodged            |    40 |    38 |   121 ||   199
